 Dungeon Crawl Stone Soup version 0.29.1-15-g9cfb28693d (webtiles) character file.

Game seed: 567938590079400861

49 Ast3rio the Gusty (level 3, -5/18 (19) HPs)
             Began as a Deep Elf Air Elementalist on Mar 10, 2023.
             Splashed by a jelly's acid (9 damage)
             ... on level 4 of the Dungeon.
             The game lasted 00:07:59 (2337 turns).

Ast3rio the Gusty (Deep Elf Air Elementalist)       Turns: 2337, Time: 00:07:59

HP:   -5/18 (19)    AC:  3    Str:  5    XL:     3   Next: 53%
MP:   0/10          EV: 12    Int: 21    God:
Gold: 104           SH:  0    Dex: 20    Spells: 6/9 levels left

rFire   . . .      SeeInvis .   (no weapon)
rCold   . . .      Faith    .   (no shield)
rNeg    + + .      Spirit   .   h - +0 leather armour of the Stars {rPois rN++ Dex+5}
rPois   +          Reflect  .   (no helmet)
rElec   .          Harm     .   (no cloak)
rCorr   .          Rampage  .   (no gloves)
Will    .....                   (no boots)
Stlth   ++........              (no amulet)
HPRegen 0.06/turn               e - ring of poison resistance
MPRegen 0.12/turn               (no ring)

@: very slightly contaminated, drained
A: no striking features
a: no special abilities


You were on level 4 of the Dungeon.
You visited 1 branch of the dungeon, and saw 3 of its levels.

You collected 104 gold pieces.

Inventory:

Armour
 a - a +0 robe
 h - the +0 leather armour of the Stars (worn) {rPois rN++ Dex+5}
   (You found it on level 2 of the Dungeon)

   Dex:       It affects your dexterity (+5).
   rPois:     It protects you from poison.
   rN:        It greatly protects you from negative energy.
Jewellery
 e - a ring of poison resistance (left hand)
Scrolls
 c - a scroll of fear {unknown}
 d - 5 scrolls of identify {unknown}
 g - a scroll of blinking {unknown}
 j - a scroll of fog {unknown}
 k - a scroll of vulnerability {unknown}
 l - 2 scrolls of amnesia {unknown}
Potions
 b - 2 potions of magic
 f - a potion of brilliance {unknown}
 i - 2 potions of lignification {unknown}
 m - a potion of flight {unknown}
 n - a potion of curing {unknown}


   Skills:
 + Level 2.5 Dodging
 + Level 2.9 Stealth
 + Level 3.6 Spellcasting
 + Level 1.6 Conjurations
 + Level 3.8 Air Magic


You had 6 spell levels left.
You knew the following spells:

 Your Spells              Type           Power      Damage    Failure   Level
a - Shock                 Conj/Air       60%        1d6       7%          1
b - Static Discharge      Conj/Air       15%        3-5/arc   10%         2

Your spell library contained the following spells:

 Spells                   Type           Power      Damage    Failure   Level
 Swiftness                Air            20%        N/A       13%         3
 Sublimation of Blood     Necr           3%         N/A       32%         2
 Airstrike                Air            10%        2d(2-18)  38%         4
 Petrify                  Tmut/Erth      3%         N/A       91%         4
 Irradiate                Conj/Tmut      3%         3d12      99%         5


Dungeon Overview and Level Annotations

Branches:
Dungeon (2/15)             Temple (0/1) D:4

Altars:

Shops:
D:4 !


Message History

Confirm with . or Enter, or press ? or * to list all spells.
The goblin is struck by an arc of lightning.
You kill the goblin!
You are struck by an arc of lightning.
The necrophage is struck by an arc of lightning.
The necrophage is lightly damaged.
You are struck by an arc of lightning.
The lightning grounds out.
The necrophage hits you. You partially resist.
Casting: Static Discharge (safe; 10% risk of failure)
Confirm with . or Enter, or press ? or * to list all spells.
The necrophage is struck by an arc of lightning!
The necrophage is heavily damaged.
You are struck by an arc of lightning.
The necrophage is struck by an arc of lightning.
The necrophage is heavily damaged.
The lightning grounds out.
The necrophage hits you.
Casting: Static Discharge (safe; 10% risk of failure)
Confirm with . or Enter, or press ? or * to list all spells.
The jelly is struck by an arc of lightning!
The jelly is moderately wounded.
The necrophage is struck by an arc of lightning.
The necrophage is severely damaged.
You are struck by an arc of lightning.
The lightning grounds out.
The necrophage hits you. You partially resist.
You feel drained. The jelly misses you.
Casting: Static Discharge (safe; 10% risk of failure)
Confirm with . or Enter, or press ? or * to list all spells.
The jelly is struck by an arc of lightning.
The jelly is heavily wounded.
The necrophage is struck by an arc of lightning.
The necrophage is almost destroyed.
The jelly is struck by an arc of lightning!
The jelly is almost dead.
The necrophage is struck by an arc of lightning.
The necrophage is almost destroyed.
The lightning grounds out.
The jelly hits you.
* * * LOW HITPOINT WARNING * * *
You are splashed with acid!
Ouch! That really hurt!
You die...

#####.##. .!......#
#.... .......# .# #....
. ..>...[..# +.... ..
........# #.... #..
....#..####+#######
##..##..##..............
.......nJ...............
.......@................
........................
........................
...#######'##########...
.. #.......#........'...
. #.......#........#.<.
#.......#........#...
#.......##.....###...
#.......##.....######


You could see a necrophage and a jelly.

Vanquished Creatures
  A worm (D:4)
  A dart slug (D:1)
  2 endoplasms
  2 giant cockroaches
  6 goblins
  5 hobgoblins
  4 kobolds
  A quokka (D:1)
  6 ball pythons
  4 bats
  2 frilled lizards
  7 rats
41 creatures vanquished.

Notes
Turn   | Place    | Note
-------+----------+-------------------------------------------
     0 | D:1      | Ast3rio the Deep Elf Air Elementalist began the quest for
                  | the Orb.
     0 | D:1      | Reached XP level 1. HP: 10/10 MP: 6/6
   431 | D:1      | Reached XP level 2. HP: 15/15 MP: 5/8
   469 | D:1      | Learned a level 2 spell: Static Discharge
  1404 | D:2      | Identified the +0 leather armour of the Stars {rPois rN++
                  | Dex+5}
  1461 | D:2      | Reached XP level 3. HP: 19/19 MP: 7/9
  1934 | D:2      | Found a faded altar of an unknown god.
  1965 | D:2      | You fall into a shaft and drop 2 floors!
  1994 | D:4      | Found a staircase to the Ecumenical Temple.
  2052 | D:4      | Found Vinnusec's Distillery.
  2329 | D:4      | Noticed a necrophage
  2337 | D:4      | Splashed by a jelly's acid

Illustrated notes

Levels and vault maps discovered:
D:1:      lightli_arrival_chessboard, layout_basic, minivault_27
D:2:      layout_basic, chequers_ecumenical_altar_grove
D:4:      layout_gridville, minmay_temple_entry_arrows, serial_shops, shop,
          st_stairs_5, minmay_manual_monolith

Action                   || total
-------------------------++-------
Melee: Unarmed           ||     1
 Cast: Shock             ||    79
       Static Discharge  ||     6
Armor: Robe              ||     1
Dodge: Dodged            ||     5
